 Dungeon Crawl Stone Soup version 0.29.0-4-gdea44cf6ec (webtiles) character file.

Game seed: 17628766783852987095

665 qw the Chopper (level 7, -11/41 HPs)
             Began as a Tengu Warper on Aug 28, 2022.
             Mangled by a yak (12 damage)
             ... on level 4 of the Dungeon.
             The game lasted 00:00:20 (3329 turns).

qw the Chopper (Tengu Warper)                       Turns: 3329, Time: 00:00:21

Health: -11/41     AC:  8    Str: 13    XL:     7   Next: 57%
Magic:  11/11      EV: 10    Int: 14    God:
Gold:   11         SH:  6    Dex: 13    Spells: 10/10 levels left

rFire   . . .      SeeInvis +   Y - +1 war axe
rCold   + . .      Faith    .   i - +2 buckler
rNeg    . . .      Spirit   .   d - +0 scale mail
rPois   .          Reflect  .   (helmet restricted)
rElec   .          Harm     .   (no cloak)
rCorr   .          Rampage  .   c - +1 pair of gloves
Will    .....                   (boots unavailable)
Stlth   ..........              (no amulet)
HPRegen 0.13/turn               a - ring of protection from cold
MPRegen 0.12/turn               t - ring of see invisible

@: flying quickly and evasively, quick
A: beak, talons 3, nimble flight
a: no special abilities


You were on level 4 of the Dungeon.
You visited 1 branch of the dungeon, and saw 4 of its levels.

You collected 160 gold pieces.
You spent 149 gold pieces at shops.


Innate Abilities, Weirdness & Mutations

You have a beak for a mouth.
You have claws for feet.
Your magical nature lets you fly swiftly and evasively.


   Skills:
 - Level 3.6 Fighting
 + Level 7.5 Axes
 - Level 1.0 Throwing
 - Level 1.1 Armour
 - Level 2.1 Dodging
 - Level 2.9 Shields
 - Level 2.0 Spellcasting
 - Level 2.4 Translocations


You had 10 spell levels left.
You didn't know any spells.
Your spell library contained the following spells:

 Spells                   Type           Power      Damage    Failure   Level
 Blink                    Tloc           16%        N/A       65%         2
 Gell's Gravitas          Tloc           8%         N/A       86%         3
 Lesser Beckoning         Tloc           8%         N/A       86%         3
 Teleport Other           Tloc           8%         N/A       86%         3
 Manifold Assault         Tloc           8%         N/A       100%        5

Inventory:

Hand Weapons
 f - a +0 club
 Y - a +1 war axe (weapon)
Missiles
 m - 4 boomerangs (quivered)
Armour
 c - a +1 pair of gloves (worn)
 d - a +0 scale mail (worn)
 i - a +2 buckler (worn)
 j - a +0 cloak
Jewellery
 a - a ring of protection from cold (left hand)
 t - a ring of see invisible (right hand)
Scrolls
 k - 3 scrolls of identify
Potions
 b - a potion of haste
 e - 2 potions of ambrosia {unknown}
 g - a potion of might
 n - 2 potions of curing
 p - a potion of brilliance {unknown}
 q - a potion of lignification {unknown}
 r - a potion of degeneration {unknown}

Dungeon Overview and Level Annotations

Branches:
Dungeon (4/15)
 Temple: D:4-7

Altars:

Shops:
D:4 [=?:

Annotations:
D:3 3 runed translucent doors, qw's ghost, amateur TeWr


Message History

The yak gores you but does no damage. The yak gores you.
The yak bellows!
You hit the yak. Your kick misses the yak.
The yak is heavily wounded.
You hit the yak. You block the yak's attack.
The yak gores you but does no damage.
You hit the yak. You claw the yak. You peck the yak.
The yak is severely wounded.
You hit the yak. The yak closely misses you. You block the yak's attack.
You hit the yak. You peck the yak.
The yak is almost dead.
You hit the yak but do no damage. The yak gores you. The yak barely misses you.
You hit the yak. You claw the yak. You peck the yak, but do no damage.
The yak is almost dead.
You hit the yak.
The yak gores you but does no damage. x2; The yak gores you.
The yak closely misses you.
You hit the yak.
You kill the yak!
You hit the yak but do no damage. The yak gores you but does no damage.
Your Fighting skill increases to level 3!
You have reached level 7!
You hit the yak. You claw the yak.
The yak is severely wounded.
You hit the yak. The yak gores you. The yak barely misses you.
You slash the yak!
You kill the yak!
You hit the yak. You block the yak's attack.
Your Shields skill increases to level 2!
You barely miss the yak. Your kick misses the yak.
You peck the yak, but do no damage.
The yak is heavily wounded.
You hit the yak. The yak gores you!
You die...

#......# #.## .......#
#..
Y....#.#######+##.# ..
..#............## #Y
#..#.......)..... # #Y
#..##.....##.#.##
#.#.#.
#..7#.....##.#.#
#....##7.\.7.......#.#
#...Y@.#7......####.#
##..Y########### #..
#.### ### #. # ####


You could see 2 yaks.

Vanquished Creatures
  3 yaks (D:4)
  A necrophage (D:4)
  An iguana (D:4)
  10 adders
  An ufetubus (D:4)
  A dart slug (D:4)
  5 ball pythons
  4 endoplasms
  4 giant cockroaches
  14 goblins
  9 hobgoblins
  4 jackals (D:2)
  4 kobolds
  4 quokkas
  4 bats
  3 frilled lizards
  3 rats
75 creatures vanquished.

Notes
Turn   | Place    | Note
-------+----------+-------------------------------------------
     0 | D:1      | qw the Tengu Warper began the quest for the Orb.
     0 | D:1      | Reached XP level 1. HP: 12/12 MP: 4/4
     0 | D:1      | 0 ||| qw: Version: 0.1-a-89-g26bdef1
     0 | D:1      | 0 ||| qw: Game counter: 1968
     0 | D:1      | 0 ||| qw: Always use a shield: true
     0 | D:1      | 0 ||| qw: God list: Okawaru
     0 | D:1      | 0 ||| qw: Allow faded altars: false
     0 | D:1      | 0 ||| qw: Do Orc after D:15 true
     0 | D:1      | 0 ||| qw: Do second Lair branch before Depths: true
     0 | D:1      | 0 ||| qw: Lair rune preference: random
     0 | D:1      | 0 ||| qw: Plans: Normal
     0 | D:1      | 0 ||| PLANNING D:1-11
    53 | D:1      | Reached XP level 2. HP: 15/17 MP: 6/6
    82 | D:1      | 82 ||| Stepping ~*~*~tactically~*~*~ (stealth).
    83 | D:1      | 83 ||| Stepping ~*~*~tactically~*~*~ (stealth).
    91 | D:1      | Reached skill level 3 in Axes
   135 | D:1      | 135 ||| Stepping ~*~*~tactically~*~*~ (stealth).
   511 | D:1      | 511 ||| Stepping ~*~*~tactically~*~*~ (stealth).
   516 | D:1      | 516 ||| Stepping ~*~*~tactically~*~*~ (stealth).
   517 | D:1      | 517 ||| Stepping ~*~*~tactically~*~*~ (stealth).
   706 | D:1      | 706 ||| UPGRADING to +0 scale mail.
   716 | D:1      | 716 ||| DROPPING +0 leather armour.
   717 | D:1      | 717 ||| DROPPING +0 ring mail.
   718 | D:1      | 718 ||| UPGRADING to +2 buckler.
   723 | D:1      | 723 ||| READING scroll labelled RUNELALIAST.
   728 | D:1      | 728 ||| READING 3 scrolls labelled WISOHA AHIOMETASSI.
   729 | D:1      | 729 ||| READING 2 scrolls of identify.
   729 | D:1      | 729 ||| IDENTIFYING bubbling clear potion
   730 | D:1      | 730 ||| DROPPING scroll of blinking.
   817 | D:2      | Reached XP level 3. HP: 21/21 MP: 7/7
   858 | D:2      | 858 ||| Stepping ~*~*~tactically~*~*~ (stealth).
   864 | D:2      | Reached skill level 1 in Shields
  1098 | D:2      | Reached skill level 4 in Axes
  1270 | D:2      | Reached XP level 4. HP: 25/26 MP: 8/8
  1625 | D:2      | 1625 ||| UPGRADING to +0 pair of gloves.
  1630 | D:2      | 1630 ||| UPGRADING to ring of protection from cold.
  1631 | D:2      | 1631 ||| READING scroll labelled REOSTI ZULAWK.
  1632 | D:2      | 1632 ||| READING scroll labelled DURATU NEALUDOSK.
  1633 | D:2      | 1633 ||| DRINKING 2 sapphire potions.
  1634 | D:2      | 1634 ||| DRINKING 2 fuming amethyst potions.
  1853 | D:3      | Found a runed translucent gate.
  1855 | D:3      | 1855 ||| SWAPPING to +0 war axe.
  1858 | D:3      | 1858 ||| DROPPING +1 hand axe.
  1859 | D:3      | Found a runed translucent gate.
  1860 | D:3      | Found a runed translucent gate.
  1862 | D:3      | Noticed qw's ghost (amateur TeWr)
  1903 | D:3      | Reached skill level 5 in Axes
  1956 | D:3      | 1956 ||| Stepping ~*~*~tactically~*~*~ (stealth).
  2075 | D:3      | 2075 ||| Stepping ~*~*~tactically~*~*~ (stealth).
  2085 | D:3      | Gained mutation: Your magical nature lets you fly swiftly
                  | and evasively. [Tengu growth]
  2085 | D:3      | Reached XP level 5. HP: 25/30 MP: 9/9
  2584 | D:3      | 2584 ||| UPGRADING to ring of see invisible.
  2585 | D:3      | 2585 ||| READING scroll labelled ROUDABR EPNOFE.
  2586 | D:3      | 2586 ||| READING scroll labelled NIOCHUQ HAINT.
  2587 | D:3      | 2587 ||| DRINKING 3 black potions.
  2588 | D:3      | 2588 ||| READING 2 scrolls of identify.
  2588 | D:3      | 2588 ||| IDENTIFYING bubbling dark potion
  2589 | D:3      | 2589 ||| DROPPING potion of berserk rage.
  2664 | D:4      | 2664 ||| Stepping ~*~*~tactically~*~*~ (stealth).
  2823 | D:4      | Found Wiomaitt's Magic Scroll Shop.
  2836 | D:4      | 2836 ||| BUYING scroll of enchant armour (97 gold).
  2836 | D:4      | Bought a scroll of enchant armour for 97 gold pieces
  2836 | D:4      | 2836 ||| BUYING scroll of identify (26 gold).
  2836 | D:4      | Bought a scroll of identify for 26 gold pieces
  2836 | D:4      | 2836 ||| BUYING scroll of identify (26 gold).
  2836 | D:4      | Bought a scroll of identify for 26 gold pieces
  2836 | D:4      | 2836 ||| SHOPLISTING scroll of identify (26 gold, have 8).
  2836 | D:4      | 2836 ||| SHOPLISTING scroll of teleportation (39 gold, have
                  | 8).
  2836 | D:4      | 2836 ||| READING scroll of enchant armour.
  2836 | D:4      | 2836 ||| ENCHANTING +0 pair of gloves.
  2898 | D:4      | 2898 ||| READING scroll of enchant weapon.
  2898 | D:4      | 2898 ||| ENCHANTING +0 war axe.
  2913 | D:4      | HP: 5/30 [iguana (4)]
  2914 | D:4      | 2914 ||| READING scroll of teleportation.
  2915 | D:4      | 2915 ||| DRINKING 2 potions of heal wounds.
  3059 | D:4      | Reached skill level 6 in Axes
  3059 | D:4      | Reached XP level 6. HP: 35/35 MP: 10/10
  3060 | D:4      | Found Mouv Bafidgh's Book Shoppe.
  3119 | D:4      | 3119 ||| Stepping ~*~*~tactically~*~*~ (stealth).
  3272 | D:4      | Found Peasking's Jewellery Boutique.
  3275 | D:4      | 3275 ||| SHOPLISTING +4 ring of evasion (432 gold, have
                  | 11).
  3275 | D:4      | 3275 ||| SHOPLISTING ring "Docy" {Fire Int+5 Dex+2} (560
                  | gold, have 11).
  3275 | D:4      | 3275 ||| SHOPLISTING ring of Jusmewek {rC- rN+ Dex+4 SInv}
                  | (331 gold, have 11).
  3275 | D:4      | 3275 ||| SHOPLISTING ring of fire (300 gold, have 11).
  3275 | D:4      | 3275 ||| SHOPLISTING ring of protection from fire (300
                  | gold, have 11).
  3275 | D:4      | 3275 ||| SHOPLISTING ring of see invisible (180 gold, have
                  | 11).
  3275 | D:4      | 3275 ||| SHOPLISTING ring of willpower (300 gold, have 11).
  3295 | D:4      | Found Asec's Antique Armour Shoppe.
  3302 | D:4      | 3302 ||| SHOPLISTING chain mail (99 gold, have 11).
  3302 | D:4      | 3302 ||| SHOPLISTING runed leather armour (110 gold, have
                  | 11).
  3307 | D:4      | Noticed a yak
  3307 | D:4      | Noticed a yak
  3308 | D:4      | 3308 ||| Stepping ~*~*~tactically~*~*~ (stealth).
  3309 | D:4      | Noticed a yak
  3311 | D:4      | Noticed a yak
  3312 | D:4      | 3312 ||| Stepping ~*~*~tactically~*~*~ (stealth).
  3317 | D:4      | Killed a yak
  3317 | D:4      | HP: 4/35 [yak (7)]
  3318 | D:4      | Reached skill level 7 in Axes
  3318 | D:4      | 3318 ||| DRINKING potion of heal wounds.
  3320 | D:4      | Noticed a yak
  3324 | D:4      | HP: 5/35 [yak (2)]
  3326 | D:4      | Killed a yak
  3327 | D:4      | Reached skill level 3 in Fighting
  3327 | D:4      | Reached XP level 7. HP: 4/41 MP: 11/11
  3327 | D:4      | HP: 1/41 [yak (3)]
  3328 | D:4      | Killed a yak
  3329 | D:4      | Mangled by a yak

Levels and vault maps discovered:
D:1:      dpeg_arrival_arbitrary_b, layout_basic
D:2:      layout_loops_ring, chequers_jeans, minmay_fountain_box,
          minmay_distorted
D:3:      layout_rooms, gammafunk_ghost_split
D:4:      layout_loops_cross, serial_shops, nicolae_shop_trees,
          nicolae_lakefront_shop, shop, kennysheep_mini,
          nicolae_shop_advertising_works [nicolae_subvault_shop_adworks],
          minivault_25

Skill      XL: |  1  2  3  4  5  6  7 |
---------------+----------------------+-----
Axes           | 3 4 5 6 7 |  7.5
Shields        | 1 2 |  2.9
Fighting       | 3 |  3.6
Throwing       | |  1.0
Armour         | |  1.1
Dodging        | |  2.1
Spellcasting   | |  2.0
Translocations | |  2.4

Action                   |  1- 3 |  4- 6 |  7- 9 || total
-------------------------+-------+-------+-------++-------
Melee: Hand axe          |    72 |    24 |       ||    96
       Kick              |    15 |    27 |     1 ||    43
       Peck              |     7 |    15 |     1 ||    23
       War axe           |       |    83 |     3 ||    86
Throw: Boomerang         |    26 |    60 |       ||    86
  Use: Scroll            |     3 |     8 |       ||    11
       Potion            |       |     5 |       ||     5
Armor: Leather armour    |     7 |       |       ||     7
       Scale mail        |    11 |    37 |       ||    48
Dodge: Dodged            |    30 |    42 |     1 ||    73
Block: Buckler           |    10 |    29 |     1 ||    40

Table legend:
 A = Non-vault XP
 B = Vault XP
 C = Vault XP percentage of total XP
 D = Non-vault monster count
 E = Vault monster count
 F = Vault count percentage of total count
                 A         B        C        D         E       F
            +---------+---------+-------+---------+---------+-------
      Total |     946 |       5 |   0.5 |      72 |       3 |   4.0
            +---------+---------+-------+---------+---------+-------
        D:1 |      31 |       0 |   0.0 |      18 |       0 |   0.0
        D:2 |      58 |       5 |   7.9 |      20 |       3 |  13.0
        D:3 |     108 |       0 |   0.0 |      22 |       0 |   0.0
        D:4 |     749 |       0 |   0.0 |      12 |       0 |   0.0
            +---------+---------+-------+---------+---------+-------
